 Dungeon Crawl Stone Soup version 0.30-a0-879-ga8ba668304 (webtiles) character file.

Game seed: 11456297118802013155

5450 cforsyth the Fighter (level 10, 0/85 HPs)
             Began as a Barachi Fighter on Mar 12, 2023.
             Was a Follower of Cheibriados.
             Slain by a troll (12 damage)
             ... on level 9 of the Dungeon.
             The game lasted 00:13:37 (8679 turns).

cforsyth the Fighter (Barachi Fighter)              Turns: 8679, Time: 00:13:38

Health: 0/85       AC: 15    Str: 25    XL:     10   Next: 68%
Magic:  10/10      EV: 10    Int: 15    God:    Cheibriados [*.....]
Gold:   513        SH:  5    Dex: 23    Spells: 9/9 levels left

rFire   . . .      SeeInvis +    L - +1 battleaxe of the Endless March {flame, Int+5}
rCold   x . .      Faith    .    (shield currently unavailable)
rNeg    . . .      Spirit   .    H - +2 ring mail of Thoughtfulness {rC- Will++ Dex+4}
rPois   .          Reflect  +    k - +2 helmet
rElec   .          Rampage  .    r - +0 cloak
rCorr   .                        (no gloves)
Will    ++...                    q - +0 pair of boots
Stlth   +                        G - amulet of reflection
HPRegen 0.34/turn                D - +6 ring of dexterity
MPRegen 0.12/turn                n - ring of see invisible

@: very slow
A: amphibious, slowness 1, strong legs 1, +LOS
a: Hop, Renounce Religion, Bend Time


You were on level 9 of the Dungeon.
You worshipped Cheibriados.
Cheibriados was aware of your devotion.
You visited 2 branches of the dungeon, and saw 10 of its levels.
You also visited: Ossuary.

You collected 513 gold pieces.

Inventory:

Hand Weapons
 a - a +1 war axe
 L - the +1 battleaxe of the Endless March (weapon) {flame, Int+5}
   (You found it on level 7 of the Dungeon)

   Int:       It affects your intelligence (+5).
Missiles
 K - 3 throwing nets
Armour
 b - a +0 scale mail
 c - a +0 buckler
 f - a +2 leather armour of fire resistance
 k - a +2 helmet (worn)
 q - a +0 pair of boots (worn)
 r - a +0 cloak (worn)
 w - a scarf of repulsion
 H - the +2 ring mail of Thoughtfulness (worn) {rC- Will++ Dex+4}
   (You found it on level 6 of the Dungeon)

   Dex:       It affects your dexterity (+4).
   rC:        It makes you vulnerable to cold.
   Will:      It greatly increases your willpower.
Jewellery
 j - a ring of flight
 n - a ring of see invisible (right hand)
 D - a +6 ring of dexterity (left hand)
 G - an amulet of reflection (around neck)
Wands
 u - a wand of paralysis (16)
 M - a wand of iceblast (9)
Scrolls
 e - 2 scrolls of immolation
 h - a scroll of vulnerability
 l - a scroll of fog
 s - a scroll of enchant armour
 t - a scroll of poison
 v - 2 scrolls of blinking
 x - 2 scrolls of fear
 y - a scroll of silence {unknown}
 z - a scroll of teleportation
 B - a scroll of enchant weapon
 C - a scroll of magic mapping {unknown}
Potions
 d - 4 potions of might
 g - 5 potions of curing
 i - 4 potions of lignification
 m - a potion of resistance
 o - a potion of invisibility
 p - a potion of mutation
 A - 2 potions of attraction
 F - a potion of ambrosia
 J - a potion of flight


   Skills:
 + Level 10.1 Fighting
 + Level 8.8 Axes
 + Level 10.1 Armour
 + Level 9.2 Shields


You had 9 spell levels left.
You didn't know any spells.
Your spell library contained the following spells:

 Spells                   Type           Power      Damage    Failure   Level
 Apportation              Tloc           0%         N/A       36%         1
 Necrotise                Necr           0%         1d4       36%         1
 Shock                    Conj/Air       0%         1d3       36%         1
 Summon Small Mammal      Summ           0%         N/A       36%         1
 Ensorcelled Hibernation  Hex/Ice        0%         N/A       50%         2
 Passwall                 Tmut/Erth      0%         N/A       50%         2
 Swiftness                Air            0%         N/A       75%         3
 Airstrike                Air            0%         2d(0-16)  98%         4
 Blade Hands              Tmut           0%         N/A       100%        5
 Irradiate                Conj/Tmut      0%         3d11      100%        5
 Dragon Form              Tmut           0%         N/A       100%        7
 Borgnjor's Revivificati  Necr           0%         N/A       100%        8
 Necromutation            Tmut/Necr      0%         N/A       100%        8
 Death's Door             Necr           0%         N/A       100%        9


Dungeon Overview and Level Annotations

Branches:
Dungeon (9/15)             Temple (1/1) D:5            Lair (0/5) D:9
Ossuary (visited)
    Orc: D:9-12

Altars:
Ashenzari
Cheibriados
Dithmenos
Elyvilon
Fedhas
Hepliaklqana
Kikubaaqudgha
Makhleb
Nemelex Xobeh
Okawaru
Qazlal
Ru
Sif Muna
Trog
Uskayaw
Vehumet
Wu Jian
The Shining One

Shops:
D:7 (

Annotations:
D:8 1 runed translucent door, jimonade's ghost, novice DjWr
D:9 Grum


Innate Abilities, Weirdness & Mutations

You are amphibious.
You cover ground slowly.
You can hop short distances.
You have an extended range of vision and can be seen from far away.


Message History

No target in view!
No target in view!
A troll is nearby!
The troll shouts!
The troll bites you but does no damage. The troll claws you but does no damage.
The troll claws you! The troll bites you. The troll claws you!
The troll claws you.
You barely miss the troll. The troll bites you!
The troll claws you but does no damage. The troll claws you.
You hit the troll but do no damage. The troll barely misses you.
You block the troll's attack. The troll closely misses you.
You slash the troll! You burn the troll.
The troll is heavily wounded.
The troll bites you but does no damage. The troll claws you!
You block the troll's attack.
You hit the troll. You burn the troll.
The troll is heavily wounded.
The troll bites you but does no damage. The troll claws you but does no damage.
The troll claws you!
You are too injured to fight recklessly!
You are too injured to fight recklessly!
You are too injured to fight recklessly!
You are too injured to fight recklessly!
You are too injured to fight recklessly!
You are too injured to fight recklessly!
You are too injured to fight recklessly!
You hit the troll but do no damage.
The troll is heavily wounded.
You block the troll's attack. The troll barely misses you. The troll claws you.
The troll bites you! The troll barely misses you. The troll claws you!
* * * LOW HITPOINT WARNING * * *
You slash the troll! You burn the troll.
The troll is almost dead.
The troll bites you!
* * * LOW HITPOINT WARNING * * *
The troll claws you but does no damage. The troll misses you.
You closely miss the troll.
The troll is almost dead.
The troll bites you!
You die...

.†.#...............
#..#..............
#..#......#.....# #.
#..#......#.....# .'.
'..#......#.....# ..#
#..#......#.....# ..
#..#####'##.....###'####.
#............>...........
................@T.......
....##########...........
....# #.>....##### ....#
#......# ..).# #......'..
...## #......#... ...#
#......##.. ...#
#.......#... #.......# ..


You could see a troll.

Vanquished Creatures
  A two-headed ogre (D:8)
  Maurice (D:9)
  Psyche (D:8)
  2 trolls
  Sigmund (D:4)
  A wyvern (D:9)
  2 shadows
  2 steam dragons (D:8)
  3 sky beasts
  3 black bears
  5 wolves (D:9)
  An ogre (D:5)
  2 phantoms
  A bullfrog (D:7)
  4 scorpions
  5 wights (D:7)
  5 electric eels
  6 howler monkeys
  5 hounds
  2 orc priests
  3 sleepcaps
  4 orc wizards
  5 iguanas
  14 mummies
  6 adders
  A shadow imp (D:7)
  2 white imps
  A worm (D:4)
  2 dart slugs
  19 orcs
  4 ball pythons
  3 endoplasms
  2 giant cockroaches
  7 goblins
  6 hobgoblins
  A quokka (D:3)
  4 bats
  4 frilled lizards
  3 gnoll skeletons (Ossuary)
  A goblin skeleton (Ossuary)
  9 kobolds
  A kobold skeleton (Ossuary)
  2 kobold zombies (D:5)
  3 orc skeletons (Ossuary)
  5 rats
  11 rat skeletons (Ossuary)
176 creatures vanquished.

Vanquished Creatures (others)
  2 withered plants (D:8)
2 creatures vanquished.

Grand Total: 178 creatures vanquished

Notes
Turn   | Place    | Note
-------+----------+-------------------------------------------
     0 | D:1      | cforsyth the Barachi Fighter began the quest for the Orb.
     0 | D:1      | Reached XP level 1. HP: 18/18 MP: 1/1
    54 | D:1      | You fall into a shaft and drop 1 floor!
   192 | D:2      | Reached XP level 2. HP: 19/25 MP: 2/2
   494 | D:1      | Reached XP level 3. HP: 30/30 MP: 3/3
  1102 | D:2      | Found a faded altar of an unknown god.
  1719 | D:3      | Reached XP level 4. HP: 37/37 MP: 4/4
  2180 | D:4      | Noticed a phantom
  2203 | D:4      | Killed a phantom
  2204 | D:4      | Reached XP level 5. HP: 26/43 MP: 5/5
  2409 | D:4      | Noticed a black bear
  2416 | D:4      | Killed a black bear
  2417 | D:4      | Reached skill level 5 in Fighting
  2417 | D:4      | Reached skill level 5 in Armour
  2417 | D:4      | Reached XP level 6. HP: 34/51 MP: 6/6
  2547 | D:4      | Noticed Sigmund
  2562 | D:4      | Killed Sigmund
  2563 | D:4      | Reached skill level 5 in Shields
  2563 | D:4      | Reached XP level 7. HP: 49/56 MP: 7/7
  2881 | D:5      | Entered Level 5 of the Dungeon
  3231 | D:5      | Reached skill level 5 in Axes
  3305 | D:5      | Found a bloodstained altar of Trog.
  3340 | D:5      | Reached XP level 8. HP: 64/65 MP: 8/8
  3414 | D:5      | Found a sand-covered staircase.
  3428 | Ossuary  | Entered an ossuary
  4254 | D:5      | Found a staircase to the Ecumenical Temple.
  4275 | Temple   | Entered the Ecumenical Temple
  5240 | D:6      | Reached XP level 9. HP: 63/72 MP: 9/9
  5367 | D:6      | Identified the +2 ring mail of Thoughtfulness {rC- Will++
                  | Dex+4}
  5636 | D:6      | Found a hide-covered altar of Uskayaw.
  5918 | D:7      | Found Faibu's Weapon Shop.
  6051 | D:7      | Identified the +1 battleaxe of the Endless March {flame,
                  | Int+5}
  6239 | D:7      | Found a hazy altar of Hepliaklqana.
  6463 | D:8      | Noticed Psyche
  6463 | D:8      | Noticed a two-headed ogre
  6467 | D:8      | Killed Psyche
  6468 | D:8      | Killed a two-headed ogre
  6469 | D:8      | Reached XP level 10. HP: 74/83 MP: 10/10
  7386 | D:8      | Found a snail-covered altar of Cheibriados.
  7478 | D:8      | HP: 6/124 [steam dragon (5)]
  7478 | D:8      | HP: 1/124 [steam dragon (5)]
  7735 | D:8      | Found a sparkling altar of Nemelex Xobeh.
  7738 | D:8      | Became a worshipper of Cheibriados the Contemplative
  7902 | D:8      | Found a runed translucent door.
  7902 | D:8      | Noticed jimonade's ghost (novice DjWr)
  8196 | D:9      | Noticed Maurice
  8211 | D:9      | Killed Maurice
  8330 | D:9      | Found a staircase to the Lair.
  8339 | D:9      | Noticed Grum
  8354 | D:9      | HP: 3/85 [Grum/bolt of dispelling energy (8)]
  8612 | D:9      | Found a blossoming altar of Fedhas.
  8620 | D:9      | Reached * piety under Cheibriados
  8621 | D:9      | Reached skill level 10 in Fighting
  8621 | D:9      | Reached skill level 10 in Armour
  8679 | D:9      | Slain by a troll

Illustrated notes

Levels and vault maps discovered:
D:1:      dpeg_arrival_signposts, layout_rooms, patterned_corridor
D:2:      layout_loops_ring, dreamdust_ecumenical_altar_angels_and_demons
D:3:      layout_rooms, nicolae_concentric_dashed_squares_wild
D:4:      layout_loops_cross, minmay_fractal_squares_diagonal_5, uniq_sigmund
D:5:      layout_gridville, bloody_trog, temple_statues,
          nicolae_ossuary_entry_giza
D:6:      layout_cave_pools, general_overflow_altar
D:7:      layout_cave_pools, mainiacjoe_overflow_24_doors, serial_shops, shop
D:8:      layout_basic, nicolae_overflow_squiral, gammafunk_ghost_grave,
          uniq_psyche
D:9:      layout_irregular_city, mainiacjoe_overflow_paths,
          mainiacjoe_overflow_alcove_1, lemuel_round_altar,
          mainiacjoe_overflow_tiny_flanked, erik_lair_island,
          david_defended_altar_orc, uniq_grum, uniq_maurice
Temple:   hc_temple_tempest_star

Skill      XL: |  1  2  3  4  5  6  7  8  9 10 |
---------------+-------------------------------+-----
Armour         | 4 5 6 7 9 10 | 10.1
Fighting       | 4 5 6 7 9 10 | 10.1
Axes           | 3 4 5 6 7 8 |  8.8
Shields        | 4 5 6 8 9 |  9.2

Action                     |  1- 3 |  4- 6 |  7- 9 | 10-12 || total
---------------------------+-------+-------+-------+-------++-------
  Melee: War axe           |   137 |   102 |   337 |       ||   576
         Battleaxe         |       |       |    17 |    94 ||   111
    Use: Potion            |       |     1 |       |     1 ||     2
         Scroll            |       |       |    14 |     6 ||    20
 Armour: Scale mail        |    90 |    61 |    66 |       ||   217
         Leather armour    |       |       |    56 |       ||    56
         Ring mail         |       |       |    20 |    71 ||    91
  Dodge: Dodged            |    72 |    55 |   136 |    47 ||   310
  Block: Buckler           |    40 |    18 |   104 |       ||   162
         Other             |       |       |     1 |    26 ||    27

Table legend: (Time is in decaauts)
 A = Elapsed time spent in this place.
 B = Non-inter-level travel time spent in this place.
 C = Inter-level travel time spent in this place.
 D = Time resting spent in this place.
 E = Time spent auto-exploring this place.
 F = Levels seen in this place.
 G = Mean time per level.
                   A        B        C        D        E       F      G
               +--------+--------+--------+--------+--------+-----+--------+
         Total |  10000 |   9393 |    607 |   1480 |   5994 |  11 |  909.1 |
       Dungeon |   9168 |   8575 |    593 |   1480 |   5427 |   9 | 1018.7 |
        Temple |    143 |    129 |     14 |      0 |    114 |   1 |  143.0 |
       Ossuary |    689 |    689 |      0 |      0 |    453 |   1 |  689.0 |
               +--------+--------+--------+--------+--------+-----+--------+

Top non-repeatable levels by time:
     D:8: 1886 daAuts
     D:5: 1705 daAuts
     D:4: 1151 daAuts
     D:3: 896 daAuts
     D:1: 802 daAuts
     D:2: 775 daAuts
 Ossuary: 689 daAuts
     D:9: 682 daAuts
     D:7: 635 daAuts
     D:6: 631 daAuts
  Temple: 143 daAuts
